 Dungeon Crawl Stone Soup version 0.29-a0-338-g1ff7896281 (webtiles) character file.

Game seed: 6293859624219570186

5 sokol815 the Shield-Bearer (level 1, 0/18 HPs)
             Began as a Human Fighter on Apr 17, 2022.
             Slain by a gnoll
             ... wielding a +0 spear
              (6 damage)
             ... on level 1 of the Dungeon.
             The game lasted 00:00:16 (180 turns).

sokol815 the Shield-Bearer (Human Fighter)           Turns: 180, Time: 00:00:16

Health: 0/18       AC:  6    Str: 16    XL:     1   Next: 88%
Magic:  1/1        EV:  8    Int:  8    God:
Gold:   1          SH:  4    Dex: 12    Spells: 0/0 levels left

rFire   . . .      SeeInvis .   a - +0 war axe
rCold   . . .      Faith    .   c - +0 buckler
rNeg    . . .      Spirit   .   b - +0 scale mail
rPois   .          Reflect  .   (no helmet)
rElec   .          Harm     .   (no cloak)
rCorr   .          Rampage  .   (no gloves)
Will    .....                   (no boots)
Stlth   ..........              (no amulet)
HPRegen 0.06/turn               (no ring)
MPRegen 0.07/turn               (no ring)

@: no status effects
A: no striking features
a: no special abilities


You were on level 1 of the Dungeon.
You visited 1 branch of the dungeon, and saw 1 of its levels.

You collected 1 gold pieces.

Inventory:

Hand Weapons
 a - a +0 war axe (weapon)
Armour
 b - a +0 scale mail (worn)
 c - a +0 buckler (worn)
Scrolls
 d - a scroll of identify {unknown}
Potions
 M - a potion of might


   Skills:
 - Level 3.0 Fighting
 + Level 2.5 Axes
 - Level 3.0 Armour
 - Level 3.0 Shields


You couldn't memorise any spells.
You didn't know any spells.
Your spell library was empty.

Dungeon Overview and Level Annotations

Branches:
Dungeon (1/15)

Altars:


Message History

Welcome, sokol815 the Human Fighter.
The heart of this dungeon contains the fabled artefact, the Orb of Zot.
Found a gold piece.
Found a staircase leading out of the dungeon.
You open the door.
There is an open door here.
An endoplasm comes into view.
The endoplasm freezes you.
You are frozen.
You take 2 damage, and have 16/18 hp.
You hit the endoplasm.
The endoplasm jiggles.
The endoplasm hits you but does no damage.
You hit the endoplasm.
You kill the endoplasm!
No target in view!
No target in view!
d - a scroll labelled BEFOAC QOODGHY Health restored: 18 You now have 1 gold piece.
A frilled lizard comes into view.
The frilled lizard hisses angrily.
An endoplasm and a ball python come into view.
The endoplasm quivers.
The ball python hisses angrily.
You hit the ball python.
The ball python bites you but does no damage.
You block the ball python's attack. The frilled lizard bites you.
You take 1 damage, and have 17/18 hp.
You barely miss the ball python. You barely miss the frilled lizard.
The ball python completely misses you. The ball python grabs you.
The ball python constricts you. You block the frilled lizard's attack.
The ball python barely misses you. The ball python constricts you.
You take 2 damage, and have 15/18 hp.
You barely miss the ball python. You barely miss the frilled lizard.
You completely miss the endoplasm. The endoplasm barely misses you.
You block the frilled lizard's attack.
The ball python bites you but does no damage.
The ball python constricts you. The ball python completely misses you.
The ball python constricts you. The endoplasm hits you.
You block the frilled lizard's attack.
You take 2 damage, and have 13/18 hp.
You slash the ball python!
You kill the ball python!
You hit the endoplasm. You hit the frilled lizard.
You kill the frilled lizard!
The endoplasm closely misses you.
You slash the endoplasm!
You kill the endoplasm!
No target in view!
No target in view!
You open the door.
There is an open door here.
There is an open door here.
You see here a ball python corpse.
Found a stone staircase leading down.
Health restored: 18
Found a stone staircase leading down.
An endoplasm comes into view.
Found an escape hatch in the floor.
The endoplasm quivers.
An endoplasm is nearby!
A gnoll and an endoplasm come into view.
The endoplasm quivers.
The endoplasm freezes you.
You are frozen.
You take 2 damage, and have 16/18 hp.
You hit the endoplasm.
You kill the endoplasm!
The gnoll hits you from afar with a +0 spear!
You take 8 damage, and have 8/18 hp.
MASSIVE DAMAGE!!
The gnoll closely misses you.
You hit the gnoll. The gnoll hits you with a +0 spear.
The gnoll hits you but does no damage.
You take 2 damage, and have 6/18 hp.
You completely miss the gnoll. The gnoll hits you with a +0 spear.
You die...

#.. #..# . # #...
.. ..#... ...
!...#.## ....
...... [....
##.>###......
+....@gJ.....
##..#######..
+......>..# #
##..##..###.##
..##............
......#....#.##
####..##.#.#
#.......#
###########.##.#.#


You could see a gnoll and an endoplasm.

Vanquished Creatures
  3 endoplasms (D:1)
  A ball python (D:1)
  A frilled lizard (D:1)
5 creatures vanquished.

Notes
Turn   | Place    | Note
-------+----------+-------------------------------------------
     0 | D:1      | sokol815 the Human Fighter began the quest for the Orb.
     0 | D:1      | Reached XP level 1. HP: 18/18 MP: 1/1
   180 | D:1      | Slain by a gnoll

Illustrated notes

Levels and vault maps discovered:
D:1:      ncdulo_lavacross, layout_basic

Action                   || total
-------------------------++-------
Melee: War axe           ||    10
Armor: Scale mail        ||     4
Dodge: Dodged            ||     6
Block: Buckler           ||     4

Table legend: (Time is in decaauts)
 A = Elapsed time spent in this place.
 B = Non-inter-level travel time spent in this place.
 C = Inter-level travel time spent in this place.
 D = Time resting spent in this place.
 E = Time spent auto-exploring this place.
 F = Levels seen in this place.
 G = Mean time per level.
                   A        B        C        D        E       F      G
               +--------+--------+--------+--------+--------+-----+--------+
         Total |    184 |    184 |      0 |      0 |    157 |   1 |  184.0 |
       Dungeon |    184 |    184 |      0 |      0 |    157 |   1 |  184.0 |
               +--------+--------+--------+--------+--------+-----+--------+

Top non-repeatable levels by time:
     D:1: 184 daAuts

Table legend:
 A = Kills in this place as a percentage of kills in entire the game.
 B = Kills by you in this place as a percentage of kills by you in the entire game.
 C = Kills by friends in this place as a percentage of kills by friends in the entire game.
 D = Other kills in this place as a percentage of other kills in the entire game.
 E = Experience gained in this place as a percentage of experience gained in the entire game.
 F = Experience gained in this place divided by the number of levels of this place that you have seen.
                   A       B       C       D       E      F
               +-------+-------+-------+-------+-------+----------------------
         Total | 100.0 | 100.0 |   N/A |   N/A | 100.0 |   8.0
       Dungeon | 100.0 | 100.0 |   N/A |   N/A | 100.0 |   8.0
               +-------+-------+-------+-------+-------+----------------------
